MLB
CLEVELAND GUARDIANS @ MINNESOTA TWINS
09/07/2049
 
TOP OF THE 1ST
Cleveland Guardians batting - Pitching for Minnesota Twins : RHP Bud Puffer
Pitching: RHP Bud Puffer
Batting: LHB Hector Pedroso 0-0: Swinging Strike
0-1: Called Strike
0-2: Strikes out looking
Batting: RHB Jasper Burd 0-0: Ball
1-0: Called Strike
1-1: Ball
2-1: Ground out 5-3 (Groundball, 56S, EV 86.9 MPH)
Batting: RHB Nick Ogle 0-0: Ball
1-0: Ball
2-0: Called Strike
2-1: Ball
3-1: Base on Balls
Batting: SHB Valentin Laporte 0-0: Ball
1-0: Foul Ball, location: 2F
1-1: Fly out, F8 (Flyball, 89M, EV 85.0 MPH)
Top of the 1st over - 0 runs, 0 hits, 0 errors, 1 left on base; Cleveland 0 - Minnesota 0
BOTTOM OF THE 1ST
Minnesota Twins batting - Pitching for Cleveland Guardians : RHP Adrian Serratos
Pitching: RHP Adrian Serratos
Batting: LHB Peer Derks 0-0: Ball
1-0: Foul Ball, location: 2F
1-1: Called Strike
1-2: Ball
2-2: Strikes out looking
Batting: LHB Per Meulengracht 0-0: Swinging Strike
0-1: Ball
1-1: Ball
2-1: Swinging Strike
2-2: Strikes out swinging
Batting: RHB Greg Harman 0-0: Ball
1-0: Called Strike
1-1: Swinging Strike
1-2: Foul Ball, location: 2F
1-2: Strikes out swinging
Bottom of the 1st over - 0 runs, 0 hits, 0 errors, 0 left on base; Cleveland 0 - Minnesota 0
TOP OF THE 2ND
Cleveland Guardians batting - Pitching for Minnesota Twins : RHP Bud Puffer
Batting: RHB Nick Sharp 0-0: Foul Ball, location: 2F
0-1: Ball
1-1: Swinging Strike
1-2: Strikes out swinging
Batting: LHB Alejandro Soriano 0-0: Called Strike
0-1: Foul Ball, location: 2F
0-2: Foul Ball, location: 2F
0-2: Ball
1-2: Foul Ball, location: 2F
1-2: Ball
2-2: Strikes out swinging
Batting: LHB Corey Trevor 0-0: Swinging Strike
0-1: Foul Ball, location: 2F
0-2: Strikes out swinging
Top of the 2nd over - 0 runs, 0 hits, 0 errors, 0 left on base; Cleveland 0 - Minnesota 0
BOTTOM OF THE 2ND
Minnesota Twins batting - Pitching for Cleveland Guardians : RHP Adrian Serratos
Batting: RHB Miguel Diaz 0-0: Ball
1-0: Ball
2-0: Called Strike
2-1: Ball
3-1: Base on Balls
Batting: LHB Ryan Flynn Jr. 0-0: Called Strike
0-1: Fielders Choice at 2nd, 1-4 (Groundball, 15S, EV 73.1 MPH)
Batting: RHB Will Leslie 0-0: Ball
Ryan Flynn Jr. steals 2nd base
1-0: Ball
2-0: Called Strike
2-1: Ball
3-1: Foul Ball, location: 2F
3-2: Base on Balls
Batting: RHB Alex Rodriguez Jr. 0-0: Ball
1-0: Swinging Strike
1-1: Ball
2-1: Ball
3-1: Called Strike
3-2: Strikes out swinging
Batting: RHB Matt Dunn 0-0: Ball
Wild Pitch!
Ryan Flynn Jr. to third
Will Leslie to second
1-0: Ball
2-0: Ball
3-0: Base on Balls
Batting: RHB John Creel 0-0: Ball
1-0: Ball
2-0: Called Strike
2-1: Foul Ball, location: 2F
2-2: Ball
3-2: Strikes out swinging
Bottom of the 2nd over - 0 runs, 0 hits, 0 errors, 3 left on base; Cleveland 0 - Minnesota 0
TOP OF THE 3RD
Cleveland Guardians batting - Pitching for Minnesota Twins : RHP Bud Puffer
Batting: RHB Henri Cederberg 0-0: Ball
1-0: Foul Ball, location: 2F
1-1: Ball
2-1: Foul Ball, location: 2F
2-2: Ball
3-2: Ground out 3-1 (Groundball, 34S, EV 83.8 MPH)
Batting: RHB Aaron Matthews 0-0: Foul Ball, location: 2F
0-1: Ball
1-1: Ball
2-1: Fly out, F8 (Flyball, 8RS, EV 96.2 MPH)
Batting: LHB Hector Pedroso 0-0: Ball
1-0: Ball
2-0: Swinging Strike
2-1: Called Strike
2-2: Strikes out looking
Top of the 3rd over - 0 runs, 0 hits, 0 errors, 0 left on base; Cleveland 0 - Minnesota 0
BOTTOM OF THE 3RD
Minnesota Twins batting - Pitching for Cleveland Guardians : RHP Adrian Serratos
Batting: LHB Peer Derks 0-0: Ball
1-0: Called Strike
1-1: Foul Ball, location: 2F
1-2: Foul Ball, location: 2F
1-2: Hit by Pitch
Batting: LHB Per Meulengracht 0-0: Ball
1-0: Ball
2-0: Ball
3-0: Called Strike
3-1: SINGLE (Groundball, 13S, EV 66.2 MPH) (infield hit)
Peer Derks to second
Batting: RHB Greg Harman 0-0: Called Strike
0-1: Ball
1-1: Swinging Strike
1-2: Strikes out looking
Batting: RHB Miguel Diaz 0-0: Ball
1-0: Ball
2-0: Ball
3-0: Base on Balls
Peer Derks to third
Per Meulengracht to second
Batting: LHB Ryan Flynn Jr. 0-0: Ball
1-0: Swinging Strike
1-1: Swinging Strike
1-2: Grounds into double play, 1-2-3 (Groundball, 13, EV 65.0 MPH)
Bottom of the 3rd over - 0 runs, 1 hit, 0 errors, 2 left on base; Cleveland 0 - Minnesota 0
TOP OF THE 4TH
Cleveland Guardians batting - Pitching for Minnesota Twins : RHP Bud Puffer
Batting: RHB Jasper Burd 0-0: Ball
1-0: Fly out, F2 (Popup, 2LF, EV 93.1 MPH)
Batting: RHB Nick Ogle 0-0: Called Strike
0-1: Called Strike
0-2: Ball
1-2: Ball
2-2: Strikes out looking
Batting: SHB Valentin Laporte 0-0: Called Strike
0-1: Ball
1-1: Ball
2-1: Ball
3-1: Foul Ball, location: 2F
3-2: Ground out 6-3 (Groundball, 6, EV 80.6 MPH)
Top of the 4th over - 0 runs, 0 hits, 0 errors, 0 left on base; Cleveland 0 - Minnesota 0
BOTTOM OF THE 4TH
Minnesota Twins batting - Pitching for Cleveland Guardians : RHP Adrian Serratos
Batting: RHB Will Leslie 0-0: Ball
1-0: Ball
2-0: Called Strike
2-1: Ball
3-1: Base on Balls
Batting: RHB Alex Rodriguez Jr. 0-0: Ball
1-0: Fly out, F3 (Popup, 3SF, EV 89.4 MPH)
Batting: RHB Matt Dunn 0-0: Called Strike
0-1: Fly out, F7 (Line Drive, 7, EV 100.0 MPH)
Batting: RHB John Creel 0-0: Ball
1-0: Ball
2-0: Called Strike
2-1: Fly out, F8 (Line Drive, 8RD, EV 108.1 MPH)
Bottom of the 4th over - 0 runs, 0 hits, 0 errors, 1 left on base; Cleveland 0 - Minnesota 0
TOP OF THE 5TH
Cleveland Guardians batting - Pitching for Minnesota Twins : RHP Bud Puffer
Batting: RHB Nick Sharp 0-0: Ball
1-0: Called Strike
1-1: Foul Ball, location: 2F
1-2: Strikes out swinging
Batting: LHB Alejandro Soriano 0-0: Ball
1-0: Ball
2-0: SINGLE (Line Drive, 8LS, EV 104.4 MPH)
Batting: LHB Corey Trevor 0-0: SINGLE (Groundball, 6M, EV 103.1 MPH) (infield hit)
Alejandro Soriano to second
Batting: RHB Henri Cederberg 0-0: SINGLE (Line Drive, 4MD, EV 96.2 MPH)
Alejandro Soriano to third
Corey Trevor to second
Batting: RHB Aaron Matthews 0-0: Called Strike
0-1: SINGLE (Line Drive, 56D, EV 96.2 MPH)
Alejandro Soriano scores
Corey Trevor to third
Henri Cederberg to second
Batting: LHB Hector Pedroso 0-0: SINGLE (Line Drive, 9S, EV 108.1 MPH)
Corey Trevor scores
Henri Cederberg to third
Aaron Matthews to second
Batting: RHB Jasper Burd 0-0: Fly out, F9 (Line Drive, 9S, EV 106.2 MPH)
Runner from 3rd tags up, SCORES, throw by RF
Batting: RHB Nick Ogle 0-0: Called Strike
0-1: Ball
1-1: Called Strike
1-2: Ball
2-2: Foul Ball, location: 2F
2-2: Foul Ball, location: 2F
2-2: Ball
3-2: Fly out, F8 (Flyball, 8RM, EV 92.5 MPH)
Top of the 5th over - 3 runs, 5 hits, 0 errors, 2 left on base; Cleveland 3 - Minnesota 0
BOTTOM OF THE 5TH
Minnesota Twins batting - Pitching for Cleveland Guardians : RHP Adrian Serratos
Batting: LHB Peer Derks 0-0: Ball
1-0: Ball
2-0: Hit by Pitch
Batting: LHB Per Meulengracht 0-0: Ball
1-0: Called Strike
1-1: Foul Ball, location: 2F
1-2: Strikes out swinging
Batting: RHB Greg Harman 0-0: Called Strike
0-1: Foul Ball, location: 2F
0-2: Ball
1-2: Ball
2-2: Ball
3-2: Strikes out swinging
Batting: RHB Miguel Diaz 0-0: 2-RUN HOME RUN (Flyball, 7D, EV 95.6 MPH), Distance : 367 ft
Batting: LHB Ryan Flynn Jr. 0-0: Foul Ball, location: 2F
0-1: Called Strike
0-2: Ball
1-2: Ball
2-2: Ball
3-2: Foul Ball, location: 2F
3-2: Foul Ball, location: 2F
3-2: Base on Balls
Pitching: LHP Victor Garcia
Batting: RHB Will Leslie 0-0: Ball
1-0: Ball
Ryan Flynn Jr. is caught stealing 2nd base 2-4
Bottom of the 5th over - 2 runs, 1 hit, 0 errors, 0 left on base; Cleveland 3 - Minnesota 2
TOP OF THE 6TH
Cleveland Guardians batting - Pitching for Minnesota Twins : RHP Bud Puffer
Batting: SHB Valentin Laporte 0-0: Ground out 6-3 (Groundball, 6D, EV 105.0 MPH)
Batting: RHB Nick Sharp 0-0: Ball
1-0: Ground out 6-3 (Groundball, 6, EV 100.0 MPH)
Batting: LHB Alejandro Soriano 0-0: Ball
1-0: Fly out, F8 (Flyball, 8RD, EV 90.6 MPH)
Top of the 6th over - 0 runs, 0 hits, 0 errors, 0 left on base; Cleveland 3 - Minnesota 2
BOTTOM OF THE 6TH
Minnesota Twins batting - Pitching for Cleveland Guardians : LHP Victor Garcia
Batting: RHB Will Leslie 0-0: Called Strike
0-1: Swinging Strike
0-2: Ground out 5-3 (Groundball, 56, EV 101.9 MPH)
Batting: RHB Alex Rodriguez Jr. 0-0: Ball
1-0: Foul Ball, location: 2F
1-1: Ball
2-1: Ball
3-1: Base on Balls
Batting: RHB Matt Dunn 0-0: Called Strike
0-1: Ball
Alex Rodriguez Jr. is caught stealing 2nd base 2-4
1-1: Ground out 5-3 (Groundball, 25, EV 86.9 MPH)
Bottom of the 6th over - 0 runs, 0 hits, 0 errors, 0 left on base; Cleveland 3 - Minnesota 2
TOP OF THE 7TH
Cleveland Guardians batting - Pitching for Minnesota Twins : RHP Bud Puffer
Batting: LHB Corey Trevor 0-0: Ball
1-0: Ball
2-0: Ground out 4-3 (Groundball, 4, EV 111.2 MPH)
Batting: RHB Henri Cederberg 0-0: Foul Ball, location: 2F
0-1: Ball
1-1: Ground out 4-3 (Groundball, 4, EV 100.6 MPH)
Batting: RHB Aaron Matthews 0-0: Foul Ball, location: 2F
0-1: Foul Ball, location: 2F
0-2: Ball
1-2: Foul Ball, location: 2F
1-2: Ball
2-2: Ground out 3-1 (Groundball, 34, EV 81.9 MPH)
Top of the 7th over - 0 runs, 0 hits, 0 errors, 0 left on base; Cleveland 3 - Minnesota 2
BOTTOM OF THE 7TH
Minnesota Twins batting - Pitching for Cleveland Guardians : LHP Victor Garcia
Batting: RHB John Creel 0-0: Ball
1-0: Ball
2-0: Called Strike
2-1: Ball
3-1: Foul Ball, location: 2F
3-2: Base on Balls
Batting: LHB Peer Derks 0-0: SINGLE (Line Drive, 9S, EV 108.1 MPH)
John Creel to second
Batting: LHB Per Meulengracht 0-0: Foul Ball, location: 2F
0-1: Ball
1-1: Ball
2-1: Foul Ball, location: 2F
2-2: Ball
3-2: Grounds into double play, 6-4-3 (Groundball, 6, EV 92.5 MPH)
John Creel to third
Batting: RHB Greg Harman 0-0: Ball
1-0: Called Strike
1-1: Foul Ball, location: 2F
1-2: Strikes out swinging
Bottom of the 7th over - 0 runs, 1 hit, 0 errors, 1 left on base; Cleveland 3 - Minnesota 2
TOP OF THE 8TH
Cleveland Guardians batting - Pitching for Minnesota Twins : RHP Bud Puffer
Batting: LHB Hector Pedroso 0-0: Called Strike
0-1: Ground out 4-3 (Groundball, 4S, EV 78.8 MPH)
Batting: RHB Jasper Burd 0-0: Ball
1-0: Ball
2-0: Called Strike
2-1: Ground out 4-3 (Groundball, 4, EV 84.4 MPH)
Batting: RHB Nick Ogle 0-0: Swinging Strike
0-1: Foul Ball, location: 2F
0-2: Strikes out swinging
Top of the 8th over - 0 runs, 0 hits, 0 errors, 0 left on base; Cleveland 3 - Minnesota 2
BOTTOM OF THE 8TH
Minnesota Twins batting - Pitching for Cleveland Guardians : LHP Victor Garcia
Pitching: RHP Drew Rickelman
Now in RF: Rick O'Reilly
Batting: RHB Miguel Diaz 0-0: Ball
1-0: Called Strike
1-1: Foul Ball, location: 2F
1-2: Foul Ball, location: 2F
1-2: Foul Ball, location: 2F
1-2: Foul Ball, location: 2F
1-2: Ball
2-2: Ball
3-2: Foul Ball, location: 2F
3-2: Ground out 4-3 (Groundball, 34, EV 103.8 MPH)
Batting: LHB Ryan Flynn Jr. 0-0: Ball
1-0: Foul Ball, location: 2F
1-1: Foul Ball, location: 2F
1-2: Foul Ball, location: 2F
1-2: Ball
2-2: Strikes out looking
Batting: RHB Will Leslie 0-0: Ball
1-0: Ball
2-0: Ball
3-0: Called Strike
3-1: Base on Balls
Batting: RHB Alex Rodriguez Jr. 0-0: Ball
1-0: Ball
2-0: Foul Ball, location: 2F
2-1: Called Strike
2-2: Ball
3-2: Base on Balls
Will Leslie to second
Batting: RHB Matt Dunn 0-0: Fielders Choice at 2nd, 5-4 (Groundball, 56, EV 82.5 MPH)
Bottom of the 8th over - 0 runs, 0 hits, 0 errors, 2 left on base; Cleveland 3 - Minnesota 2
TOP OF THE 9TH
Cleveland Guardians batting - Pitching for Minnesota Twins : RHP Bud Puffer
Batting: SHB Valentin Laporte 0-0: SINGLE (Groundball, 56D, EV 105.6 MPH)
Batting: RHB Nick Sharp 0-0: SINGLE (Groundball, 6, EV 81.2 MPH) (infield hit)
Valentin Laporte to second
Batting: LHB Alejandro Soriano 0-0: Swinging Strike
0-1: Called Strike
0-2: Ball
1-2: Ball
2-2: Strikes out swinging
Batting: LHB Corey Trevor 0-0: Ball
1-0: Ball
2-0: Ball
3-0: Called Strike
3-1: Fly out, F8 (Flyball, 8RD, EV 87.5 MPH)
Runner from 2nd tags up, SAFE at 3rd with throw by CF
Pinch Hitting: LHB Danny Dunham 0-0: Called Strike
0-1: Ground out 4-3 (Groundball, 34, EV 83.8 MPH)
Top of the 9th over - 0 runs, 2 hits, 0 errors, 2 left on base; Cleveland 3 - Minnesota 2
BOTTOM OF THE 9TH
Minnesota Twins batting - Pitching for Cleveland Guardians : RHP Drew Rickelman
Pitching: RHP Chris Cohen
Now at 1B: John Harring
Now at 2B: Valentin Laporte
Pinch Hitting: LHB Harris Vink 0-0: Ball
1-0: Called Strike
1-1: Called Strike
1-2: Strikes out swinging
Batting: LHB Peer Derks 0-0: Fly out, F9 (Line Drive, 89D, EV 106.9 MPH)
Batting: LHB Per Meulengracht 0-0: Ball
1-0: Ball
2-0: Ground out 4-3 (Groundball, 34, EV 90.0 MPH)
Bottom of the 9th over - 0 runs, 0 hits, 0 errors, 0 left on base; Cleveland 3 - Minnesota 2
Sunday, July 16th , 2023 - OOTP Baseball 24.6 Build 69